 Dungeon Crawl Stone Soup version 0.28.0-53-g5a82cb258f (webtiles) character file.

Game seed: 8151046080602146249

15 DildoBatman the Conjurer (level 2, 0/19 (20) HPs)
             Began as a Formicid Conjurer on Aug 10, 2022.
             Hit by a stone thrown by a kobold (4 damage)
             ... on level 1 of the Dungeon.
             The game lasted 00:01:26 (331 turns).

DildoBatman the Conjurer (Formicid Conjurer)         Turns: 331, Time: 00:01:27

HP:   0/19 (20)     AC:  2    Str: 11    XL:     2   Next: 65%
MP:   1/5           EV: 12    Int: 17    God:
Gold: 24            SH:  0    Dex:  9    Spells: 2/5 levels left

rFire   . . .      SeeInvis +   c - +0 dagger
rCold   . . .      Faith    .   (no shield)
rNeg    . . .      Spirit   .   a - +0 robe
rPois   .          Reflect  .   (helmet unavailable)
rElec   .          Harm     .   (no cloak)
rCorr   .          Rampage  .   (no gloves)
Will    .....                   (no boots)
Stlth   ++........              (no amulet)
HPRegen 0.06/turn               (no ring)
MPRegen 0.09/turn               (no ring)

@: drained
A: permanent stasis, dig shafts and tunnels, antennae 3, four strong arms
a: Dig, Shaft Self


You were on level 1 of the Dungeon.
You visited 1 branch of the dungeon, and saw 1 of its levels.

You collected 24 gold pieces.

Inventory:

Hand Weapons
 c - a +0 dagger (weapon)
Missiles
 d - 3 atropa-tipped darts
 e - 24 bolts
 f - 21 stones
Armour
 a - a +0 robe (worn)
Scrolls
 b - a scroll of summoning {unknown}


   Skills:
 * Level 0.8 Fighting
 * Level 0.8 Armour
 - Level 2.0 Dodging
 - Level 2.4 Stealth
 * Level 2.4 Spellcasting
 * Level 3.7 Conjurations


You had 2 spell levels left.
You knew the following spells:

 Your Spells              Type           Power      Damage    Failure   Level
a - Searing Ray           Conj           28%        2d5       6%          2
c - Magic Dart            Conj           56%        1d5       4%          1

Your spell library contained the following spells:

 Spells                   Type           Power      Damage    Failure   Level
 Dazzling Flash           Conj/Hex       16%        N/A       26%         3
 Fulminant Prism          Conj/Hex       4%         3d6       65%         4
 Iskenderun's Mystic Bla  Conj/Tloc      8%         2d4       65%         4


Dungeon Overview and Level Annotations

Branches:
Dungeon (1/15)

Altars:


Innate Abilities, Weirdness & Mutations

You cannot be hasted, slowed, berserked, paralysed or teleported.
You can dig through walls and to a lower floor.
You have a pair of large antennae on your head. (SInv)
Your four strong arms can wield two-handed weapons with a shield.


Message History

You barely miss the kobold. Your punch misses the kobold.
The kobold barely misses you.
You hit the kobold.
The kobold is moderately wounded.
The kobold barely misses you.
The kobold throws a stone.
The stone completely misses you.
The kobold throws a stone.
The stone barely misses you.
Found a stone staircase leading down.
There is a stone staircase leading down here.
You hit the kobold but do no damage. The kobold misses you.
The kobold hits you with a +2 short sword of freezing.
The kobold freezes you.
You extend your mandibles.
You dig through the rock wall.
You feel drained. The rat bites you.
The kobold hits you with a +0 short sword.
You retract your mandibles.
The rat closely misses you.
Casting: Searing Ray (safe; 6% risk of failure)
Confirm with . or Enter, or press ? or * to list all spells.
Aiming: Searing Ray (safe; 6% risk of failure)
Press: ? - help, Shift-Dir - straight line, f - kobold, p - kobold
Aim: a kobold, wielding a +2 short sword of freezing and quivering stones (70% to hit)
The searing ray hits the rat!
You kill the rat!
The searing ray hits the kobold.
You kill the kobold!
The searing ray misses the kobold. (Press . to maintain the ray.)
The searing ray misses the kobold.
The kobold throws a stone.
The stone hits you.
The kobold throws a stone.
The stone hits you.
You die...

.##### ....PP.#
#.# .....PP# #.#
.PP♣PP... #.#
...♣♣♣... ...
..PP.P #.#######.#
....P..#.......#.#
............>#.#.#
.#####.###.#K#.#@#
..# #.# #.#...#.#
..####.#.#.#.#K#.#
#.#......#K#.#.#.#
#.#†##.#.#.#.#.#.#
#.#.##.#.#K#.#.#K#
....##.#.#.#.#...#
#......#.#.#.#...#
#......#.#.#.#..[#


You could see a kobold.

Vanquished Creatures
  A ball python (D:1)
  2 bats (D:1)
  3 endoplasms (D:1)
  A hobgoblin (D:1)
  2 quokkas (D:1)
  A frilled lizard (D:1)
  A kobold (D:1)
  2 rats (D:1)
13 creatures vanquished.

Notes
Turn   | Place    | Note
-------+----------+-------------------------------------------
     0 | D:1      | DildoBatman the Formicid Conjurer began the quest for the
                  | Orb.
     0 | D:1      | Reached XP level 1. HP: 13/13 MP: 3/3
   164 | D:1      | Reached XP level 2. HP: 11/20 MP: 0/5
   167 | D:1      | Learned a level 2 spell: Searing Ray
   331 | D:1      | Hit by a stone thrown by a kobold

Illustrated notes

Levels and vault maps discovered:
D:1:      evilmike_arrival_crescent, layout_basic,
          hellmonk_ecumenical_altar_zigzags, serial_forest,
          infiniplex_forest_straight_4, infiniplex_forest_lined_2,
          infiniplex_forest_clump_double, infiniplex_forest_straight_2,
          infiniplex_forest_end_double, infiniplex_forest_clump_small

Skill      XL: |  1  2 |
---------------+-------+-----
Dodging        | 2 |  2.0
Fighting       | |  0.8
Armour         | |  0.8
Stealth        | |  2.4
Spellcasting   | |  2.4
Conjurations   | |  3.7

Action                   || total
-------------------------++-------
Melee: Dagger            ||     8
       Punch             ||     1
 Cast: Magic Dart        ||    15
       Searing Ray       ||     3
 Abil: Dig               ||     1
 Stab: Sleeping          ||     1
Armor: Robe              ||     2
Dodge: Dodged            ||    18
